 Dungeon Crawl Stone Soup version 0.30-a0-242-g7bf8e6d787 (webtiles) character file.

Game seed: 17227379735399532982

7 sleeves the Trooper (level 1, 0/18 HPs)
             Began as a Demonspawn Cinder Acolyte on Oct 11, 2022.
             Was a High Priest of Ignis.
             Slain by a gnoll
             ... wielding a +0 flail
              (6 damage)
             ... on level 1 of the Dungeon.
             The game lasted 00:00:14 (195 turns).

sleeves the Trooper (Demonspawn Cinder Acolyte)      Turns: 195, Time: 00:00:14

Health: 0/18       AC:  2    Str: 14    XL:     1   Next: 83%
Magic:  2/2        EV: 11    Int: 15    God:    Ignis [*****.]
Gold:   34         SH:  0    Dex:  8    Spells: 2/2 levels left

rFire   + . .      SeeInvis .    a - -1 falchion (flame)
rCold   . . .      Faith    .    (no shield)
rNeg    . . .      Spirit   .    b - +0 robe
rPois   .          Reflect  .    (no helmet)
rElec   .          Harm     .    (no cloak)
rCorr   .          Rampage  .    (no gloves)
Will    .....                    (no boots)
Stlth   +.........               (no amulet)
HPRegen 0.23/turn                (no ring)
MPRegen 0.08/turn                (no ring)

@: no status effects
A: no striking features
a: Renounce Religion, Fiery Armour, Foxfire Swarm, Rising Flame


You were on level 1 of the Dungeon.
You worshipped Ignis.
Ignis was extremely pleased with you.
You visited 1 branch of the dungeon, and saw 1 of its levels.

You collected 34 gold pieces.

Inventory:

Hand Weapons
 a - a -1 falchion of flaming (weapon)
Armour
 b - a +0 robe (worn)
Scrolls
 c - a scroll of fear {unknown}
 e - a scroll of identify {unknown}
Potions
 d - a potion of berserk rage {unknown}


   Skills:
 + Level 3.5 Fighting
 - Level 2.6 Long Blades
 - Level 1.0 Spellcasting
 - Level 2.6 Fire Magic


You had 2 spell levels left.
You didn't know any spells.
Your spell library contained the following spells:

 Spells                   Type           Power      Damage    Failure   Level
 Scorch                   Fire           16%        2d6       12%         2


Dungeon Overview and Level Annotations

Branches:
Dungeon (1/15)

Altars:


Message History

Welcome, sleeves the Demonspawn Cinder Acolyte.
Will you be the one to retrieve the majestic Orb of Zot from the depths?
The flames of Ignis gently warm you.
Press ? for a list of commands and other information.
Found a scroll labelled CESUM MUPNAODD and a robe.
Found a staircase leading out of the dungeon.
You enter the shallow water.
Moving in this stuff is going to be slow.
c - a scroll labelled CESUM MUPNAODD A rat comes into view.
A rat is nearby!
A bat comes into view.
Found 18 gold pieces.
The rat closely misses you.
You hit the rat but do no damage. The bat barely misses you. The rat bites you.
You hit the rat but do no damage. The bat barely misses you. The rat bites you.
The rat bites you but does no damage.
You completely miss the rat. The bat barely misses you. x2
The rat misses you.
You hit the rat but do no damage. The bat hits you. The bat misses you.
The rat closely misses you. The bat closely misses you.
You hit the rat. You burn the rat.
You kill the rat!
The bat closely misses you.
You closely miss the bat. The bat closely misses you.
The bat hits you but does no damage.
You closely miss the bat. The bat hits you but does no damage.
A bat is nearby!
A bat is nearby!
A bat is nearby!
You closely miss the bat. The bat closely misses you.
The bat hits you but does no damage. The bat misses you.
The bat barely misses you.
You miss the bat. The bat barely misses you.
Found 6 stones.
Found an escape hatch in the floor.
Found a stone staircase leading down.
The bat closely misses you. The bat hits you but does no damage.
The bat barely misses you.
You closely miss the bat. The bat misses you.
You miss the bat. The bat hits you. The bat closely misses you.
A bat is nearby!
A bat is nearby!
A bat is nearby!
You barely miss the bat. The bat hits you but does no damage.
You barely miss the bat. The bat barely misses you.
You hit the bat. You burn the bat.
You kill the bat!
No target in view!
No target in view!
No target in view!
No target in view!
No target in view!
No target in view!
No target in view!
No target in view!
No target in view!
You now have 18 gold pieces.
Found a stone staircase leading down.
You now have 34 gold pieces (gained 16).
There is a stone staircase leading down here.
d - a metallic amethyst potion A bat comes into view.
A bat is nearby!
The bat misses you.
You closely miss the bat. The bat closely misses you. x2
You hit the bat but do no damage. The bat barely misses you.
The bat closely misses you.
You hit the bat. You burn the bat.
You kill the bat!
No target in view!
No target in view!
No target in view!
No target in view!
No target in view!
No target in view!
e - a scroll labelled YCOTOZ JAVAJ A quokka comes into view.
A quokka is nearby!
A quokka comes into view.
You completely miss the quokka. The quokka misses you. The quokka bites you.
You hit the quokka. You burn the quokka.
The quokka is heavily wounded.
The quokka bites you.
You barely miss the quokka.
The quokka is heavily wounded.
The quokka bites you but does no damage.
You hit the quokka. You burn the quokka.
You kill the quokka!
You hit the quokka. You burn the quokka.
You kill the quokka!
No target in view!
No target in view!
No target in view!
No target in view!
No target in view!
No target in view!
No target in view!
No target in view!
No target in view!
No target in view!
HP restored.
You see here a quokka corpse.
You open the door.
A rat comes into view.
A rat is nearby!
A rat is nearby!
You barely miss the rat. The rat bites you.
You hit the rat. You burn the rat.
You kill the rat!
No target in view!
No target in view!
No target in view!
No target in view!
No target in view!
No target in view!
No target in view!
No target in view!
A gnoll comes into view. It is wielding a +0 flail.
A gnoll is nearby!
A gnoll is nearby!
A gnoll is nearby!
The gnoll shouts!
You barely miss the gnoll. The gnoll closely misses you.
The gnoll hits you with a +0 flail!
You are too injured to fight recklessly!
You are too injured to fight recklessly!
You are too injured to fight recklessly!
You are too injured to fight recklessly!
You are too injured to fight recklessly!
You are too injured to fight recklessly!
You are too injured to fight recklessly!
You are too injured to fight recklessly!
You are too injured to fight recklessly!
You are too injured to fight recklessly!
You are too injured to fight recklessly!
You are too injured to fight recklessly!
You are too injured to fight recklessly!
You are too injured to fight recklessly!
You are too injured to fight recklessly!
You are too injured to fight recklessly!
You hit the gnoll. You burn the gnoll.
The gnoll is moderately wounded.
The gnoll hits you with a +0 flail!
* * * LOW HITPOINT WARNING * * *
You barely miss the gnoll.
The gnoll is moderately wounded.
The gnoll misses you.
You closely miss the gnoll.
The gnoll is moderately wounded.
The gnoll misses you.
You closely miss the gnoll.
The gnoll is moderately wounded.
The gnoll barely misses you.
You hit the gnoll. You burn the gnoll.
The gnoll is heavily wounded.
The gnoll closely misses you.
You barely miss the gnoll.
The gnoll is heavily wounded.
The gnoll closely misses you. The gnoll barely misses you.
You closely miss the gnoll.
The gnoll is heavily wounded.
The gnoll barely misses you.
You hit the gnoll. You burn the gnoll.
The gnoll is severely wounded.
The gnoll barely misses you.
You barely miss the gnoll.
The gnoll is severely wounded.
The gnoll closely misses you.
You closely miss the gnoll.
The gnoll is severely wounded.
The gnoll hits you with a +0 flail.
You die...

#........#
#..##.....
#########...#.####
#...........#.....
#.#######.########
#.# #......... #.#
#.######## #.# ###
#. #@# #. #g# #.#
#.# ..# ###


You could see a gnoll.

Vanquished Creatures
  2 bats (D:1)
  2 quokkas (D:1)
  2 rats (D:1)
6 creatures vanquished.

Notes
Turn   | Place    | Note
-------+----------+-------------------------------------------
     0 | D:1      | sleeves the Demonspawn Cinder Acolyte began the quest for
                  | the Orb.
     0 | D:1      | Reached XP level 1. HP: 18/18 MP: 2/2
   186 | D:1      | HP: 4/18 [gnoll/+0 flail (8)]
   195 | D:1      | Slain by a gnoll

Illustrated notes

Levels and vault maps discovered:
D:1:      ldierk_water_garden, layout_basic, basic_ecumenical_altar,
          chequers_serial_rivers_large_b, minivault_27

Action                   || total
-------------------------++-------
Melee: Falchion          ||    35
Armor: Robe              ||     7
Dodge: Dodged            ||    36

Table legend: (Time is in decaauts)
 A = Elapsed time spent in this place.
 B = Non-inter-level travel time spent in this place.
 C = Inter-level travel time spent in this place.
 D = Time resting spent in this place.
 E = Time spent auto-exploring this place.
 F = Levels seen in this place.
 G = Mean time per level.
                   A        B        C        D        E       F      G
               +--------+--------+--------+--------+--------+-----+--------+
         Total |    201 |    201 |      0 |      0 |    134 |   1 |  201.0 |
       Dungeon |    201 |    201 |      0 |      0 |    134 |   1 |  201.0 |
               +--------+--------+--------+--------+--------+-----+--------+

Top non-repeatable levels by time:
     D:1: 201 daAuts
